 Dungeon Sprint DCSS version 0.29-a0-369-gd956c00756 (webtiles) character file.

Game seed: 689553617601134568

5245 mhtbhm the Imperceptible (level 10, -18/51 HPs)
             Began as a Spriggan Brigand on May 1, 2022.
             Was a High Priest of Dithmenos.
             Demolished by Agnes
             ... wielding a +2 spectral lajatang
              (29 damage)
             ... in the Dungeon (Sprint IV: "Fedhas' Mad Dash").
             The game lasted 00:05:24 (1884 turns).

mhtbhm the Imperceptible (Spriggan Brigand)         Turns: 1884, Time: 00:05:25

Health: -18/51     AC:  3    Str:  7    XL:     10   Next: 36%
Magic:  25/25      EV: 20    Int: 13    God:    Dithmenos [*****.]
Gold:   240        SH:  0    Dex: 21    Spells: 8/9 levels left

rFire   . . .      SeeInvis +   a - +2 dagger of Solemn Gallantry {vorpal, MP+9}
rCold   + . .      Faith    .   (no shield)
rNeg    . . .      Spirit   .   b - +0 robe
rPois   .          Reflect  .   (helmet restricted)
rElec   .          Harm     .   c - +0 cloak
rCorr   .          Rampage  .   (gloves unavailable)
Will    ++...      NoTele   +   (boots unavailable) Stlth ******++++
                                l - amulet of invisibility {+Inv}
HPRegen 0.17/turn               o - ring "Fyagu" {Fly rC+ Will+}
MPRegen 0.19/turn               (no ring)

@: flying, wreathed by umbra, very quick
A: very small, no large weapons, unfitting armour, see invisible, speed 3
a: Renounce Religion, Evoke Invisibility, Shadow Step, Shadow Form


You were in the Dungeon.
You worshipped Dithmenos.
Dithmenos was extremely pleased with you.
You visited 1 branch You collected 240 gold pieces.

Inventory:

Hand Weapons
 a - the +2 dagger of Solemn Gallantry (weapon) {vorpal, MP+9}
   (You found it in the Dungeon)

   It inflicts extra damage upon your enemies.
   MP:        It affects your magic capacity (+9).
Missiles
 d - 4 poisoned darts (quivered)
Armour
 b - a +0 robe (worn)
 c - a +0 cloak (worn)
Jewellery
 l - the amulet of invisibility (around neck) {+Inv}
   (You found it in the Dungeon)

   [amulet of nothing]

   +Inv:      It lets you turn invisible.
 o - the ring "Fyagu" (left hand) {Fly rC+ Will+}
   (You found it in the Dungeon)

   [ring of flight]

   rC:        It protects you from cold.
   Fly:       It grants you flight.
   Will:      It increases your willpower.
Scrolls
 k - a scroll of blinking
Potions
 f - 2 potions of curing
 i - 2 potions of magic
 m - a potion of resistance {unknown}
Miscellaneous
 n - a condenser vane (inert)


   Skills:
 + Level 4.9 Fighting
 + Level 7.2 Short Blades
 + Level 7.1 Throwing
 + Level 4.6 Dodging
 + Level 26.2 Stealth
 * Level 7.9 Invocations
 + Level 13.8 Evocations


You had 8 spell levels left.
You knew the following spells:

 Your Spells              Type           Power      Damage    Failure   Level
a - Summon Small Mammal   Summ           0%         N/A       30%         1

Your spell library contained the following spells:

 Spells                   Type           Power      Damage    Failure   Level
 Beastly Appendage        Tmut           0%         N/A       30%         1
 Wereblood                Tmut           0%         N/A       43%         2
 Call Canine Familiar     Summ           0%         N/A       67%         3
 Spider Form              Tmut/Pois      0%         N/A       67%         3
 Summon Guardian Golem    Hex/Summ       0%         N/A       67%         3


Dungeon Overview and Level Annotations

Branches:
Dungeon (1/1)

Altars:
Cheibriados
Dithmenos
Elyvilon
Gozag
Hepliaklqana
Kikubaaqudgha
Makhleb
Nemelex Xobeh
Okawaru
Qazlal
Ru
Sif Muna
Trog
Uskayaw
Vehumet
Wu Jian
Xom
Yredelemnul
Zin
The Shining One
Beogh
Jiyva
Lugonu

Shops:
D [!?:

Annotations:
D Agnes


Innate Abilities, Weirdness & Mutations

You are very small and have problems with some larger weapons.
You are too small for most types of armour.
You have supernaturally acute eyesight. (SInv)
You cover ground extremely quickly. (Speed+++)


Message History

The curare-tipped dart barely misses the spriggan.
Unknown command.
Throw: 7 darts (poison)
Press: ? - help, Q - select action, (/) - cycle Shift-Dir - straight line, f/p - spriggan
Aim: a spriggan, wielding a +0 spear and wearing a +0 buckler (flame, severely wounded, umbra, 44% to hit)
You throw a poisoned dart. The poisoned dart hits the spriggan!
The spriggan is poisoned.
The spriggan is severely wounded.
The spriggan is engulfed in blazing flames.
You kill the spriggan!
Dithmenos accepts your kill.
Agnes is engulfed in blazing flames.
Unknown command.
Unknown command.
Throw: 6 darts (poison)
Press: ? - help, Q - select action, (/) - cycle Shift-Dir - straight line, f - Agnes
Aim: Agnes, wielding a +2 spectral lajatang and wearing a +0 robe (flame, moderately wounded, umbra, 38% to hit)
You throw a poisoned dart.
The poisoned dart completely misses Agnes.
Agnes is engulfed in blazing flames.
Agnes says, "You will find the Path of Peace easy to follow, in death."
Throw: 5 darts (poison)
Press: ? - help, Q - select action, (/) - cycle Shift-Dir - straight line, f/p - Agnes
Aim: Agnes, wielding a +2 spectral lajatang and wearing a +0 robe (moderately wounded, umbra, 38% to hit)
You throw a poisoned dart. The poisoned dart barely misses Agnes.
Unknown command.
Unknown command.
Agnes completely misses you.
There is an open door here.
Agnes attacks as you move away!
Agnes hits you with a +2 spectral lajatang!!
Ouch! That really hurt!
You emit a cloud of dark smoke.
Okay, then.
You feel better.
Agnes hits you with a +2 spectral lajatang!
* * * LOW HITPOINT WARNING * * *
Agnes hits you with a +2 spectral lajatang!!
Ouch! That really hurt!
You die...

...#.⌠._._._._.⌠.#..)..)#.†..##∩#
.).'.._._._._._..'..#...#....').#
...#..._._._._...#.†###'##...##∩#
#'##.._._._._._..#..##∩∩.'...####
...#._._._._._.⌠.#############
...###################)....[###
####♣♣♣♣♣..♣.###§§§.')....).'.'
.)'......♣..♣##§i#§.#.P.....###
..#♣..♣♣♣.♣).###@##(##......#
..#.♣♣..♣...♣'...# )♣########
#### ############# .† ..♣ ...
.((.


You could see Agnes.

Vanquished Creatures
  A spriggan druid (D)
  6 oklob plants (D)
  3 burning bushes (D)
  3 wandering mushrooms (D)
  A queen bee (D)
  A hornet (D)
  3 scorpions (D)
  4 killer bees (D)
  5 oklob saplings (D)
  5 spriggans (D)
  A river rat (D)
  A rat (D)
  A ballistomycete spore (D)
35 creatures vanquished.

Vanquished Creatures (others)
  2 fungi (D)
2 creatures vanquished.

Grand Total: 37 creatures vanquished

Notes
Turn   | Place    | Note
-------+----------+-------------------------------------------
     0 | D        | mhtbhm the Spriggan Brigand began the quest for the Orb.
     0 | D        | Reached XP level 1. HP: 10/10 MP: 2/2
    13 | D        | Reached skill level 8 in Stealth
    13 | D        | Reached XP level 2. HP: 15/15 MP: 3/3
    52 | D        | Noticed an oklob sapling
    53 | D        | Killed an oklob sapling
    54 | D        | Reached skill level 10 in Stealth
    54 | D        | Reached XP level 3. HP: 18/18 MP: 4/4
    56 | D        | Noticed a scorpion
    56 | D        | Found the amulet of invisibility {+Inv}
    58 | D        | Killed a scorpion
    59 | D        | Reached skill level 12 in Stealth
    59 | D        | Reached XP level 4. HP: 23/23 MP: 5/5
    79 | D        | Found an opulent altar of Gozag.
    79 | D        | Found a hazy altar of Hepliaklqana.
    79 | D        | Found a burning altar of Makhleb.
    79 | D        | Found a sparkling altar of Nemelex Xobeh.
    79 | D        | Found a snail-covered altar of Cheibriados.
    79 | D        | Found a sacrificial altar of Ru.
    79 | D        | Found a shimmering blue altar of Sif Muna.
    79 | D        | Found a shimmering altar of Xom.
    79 | D        | Found a basalt altar of Yredelemnul.
    80 | D        | Found a viscous altar of Jiyva.
    80 | D        | Found a bloodstained altar of Trog.
    80 | D        | Found an ornate altar of the Wu Jian Council.
    81 | D        | Found an iron altar of Okawaru.
    81 | D        | Found a shadowy altar of Dithmenos.
    81 | D        | Found a glowing silver altar of Zin.
    82 | D        | Found an ancient bone altar of Kikubaaqudgha.
    82 | D        | Found a hide-covered altar of Uskayaw.
    83 | D        | Found a stormy altar of Qazlal.
    83 | D        | Found a white marble altar of Elyvilon.
    83 | D        | Found a glowing golden altar of the Shining One.
    84 | D        | Found a corrupted altar of Lugonu.
    84 | D        | Found a radiant altar of Vehumet.
    88 | D        | Reached skill level 14 in Stealth
    88 | D        | Reached skill level 1 in Evocations
    88 | D        | Reached XP level 5. HP: 28/28 MP: 3/6
    90 | D        | Became a worshipper of Dithmenos the Shadowed
   264 | D        | Reached skill level 15 in Stealth
   264 | D        | Reached * piety under Dithmenos
   277 | D        | Reached skill level 16 in Stealth
   277 | D        | Reached XP level 6. HP: 28/32 MP: 5/7
   314 | D        | Found Alilod's Distillery.
   314 | D        | Found Impeg's Armour Emporium.
   326 | D        | Noticed a burning bush
   326 | D        | Noticed a wandering mushroom
   327 | D        | Noticed a wandering mushroom
   329 | D        | Killed a wandering mushroom
   330 | D        | Reached skill level 5 in Short Blades
   330 | D        | Reached skill level 5 in Throwing
   330 | D        | Reached skill level 18 in Stealth
   330 | D        | Reached skill level 5 in Evocations
   331 | D        | Reached ** piety under Dithmenos
   332 | D        | Reached XP level 7. HP: 37/37 MP: 5/8
   333 | D        | Killed a burning bush
   334 | D        | Reached skill level 20 in Stealth
   335 | D        | Killed a wandering mushroom
   336 | D        | Reached XP level 8. HP: 42/42 MP: 5/9
   341 | D        | Found Lucot's Book Emporium.
   341 | D        | Found Peasit's Magic Scroll Shoppe.
   403 | D        | Noticed a queen bee
   410 | D        | Killed a queen bee
   410 | D        | Reached *** piety under Dithmenos
   411 | D        | Reached skill level 21 in Stealth
   411 | D        | Reached skill level 1 in Invocations
   415 | D        | Reached **** piety under Dithmenos
   443 | D        | Noticed an oklob plant
   446 | D        | Killed an oklob plant
   447 | D        | Reached skill level 22 in Stealth
   455 | D        | Noticed a burning bush
   458 | D        | Identified the ring "Fyagu" {Fly rC+ Will+}
   491 | D        | Noticed a burning bush
   491 | D        | Noticed an oklob plant
   492 | D        | Noticed a wandering mushroom
   650 | D        | Killed a burning bush
   651 | D        | Reached skill level 10 in Evocations
   651 | D        | Reached XP level 9. HP: 28/46 MP: 10/13
   849 | D        | Killed an oklob plant
   850 | D        | Reached skill level 23 in Stealth
   850 | D        | Reached skill level 5 in Invocations
   851 | D        | Killed a wandering mushroom
   854 | D        | Reached ***** piety under Dithmenos
   857 | D        | Identified the +2 dagger of Solemn Gallantry {vorpal, MP+9}
  1155 | D        | Noticed a spriggan druid
  1156 | D        | Killed a spriggan druid
  1157 | D        | Reached skill level 24 in Stealth
  1175 | D        | Noticed an oklob plant conjurer
  1176 | D        | Killed an oklob plant conjurer
  1185 | D        | Learned a level 1 spell: Summon Small Mammal
  1248 | D        | Noticed an oklob plant
  1248 | D        | Noticed an oklob plant summoner
  1249 | D        | Noticed an oklob plant shifter
  1253 | D        | Killed an oklob plant
  1254 | D        | Reached skill level 25 in Stealth
  1254 | D        | Reached XP level 10. HP: 51/51 MP: 16/16
  1255 | D        | Killed an oklob plant summoner
  1258 | D        | Killed an oklob plant shifter
  1389 | D        | Reached skill level 26 in Stealth
  1872 | D        | Noticed a spriggan rider
  1872 | D        | Noticed Agnes
  1884 | D        | Demolished by Agnes

Illustrated notes

Levels and vault maps discovered:
D:        dungeon_sprint_fedhas [sprint_temple]

Skill      XL: |  1  2  3  4  5  6  7  8  9 10 |
---------------+-------------------------------+-----
Stealth        | 8 10 12 14 16 18 20 22 25 26 | 26.2
Fighting       | 2 3 4 |  4.9
Short Blades   | 3 4 5 6 7 |  7.2
Throwing       | 3 4 5 6 7 |  7.1
Evocations     | 1 3 5 7 10 12 13 | 13.8
Dodging        | 2 3 4 |  4.6
Invocations    | 4 6 7 |  7.9

Action                   |  1- 3 |  4- 6 |  7- 9 | 10-12 || total
-------------------------+-------+-------+-------+-------++-------
Melee: Dagger            |     6 |     4 |    35 |    23 ||    68
Throw: Dart              |     2 |     5 |       |     7 ||    14
Invok: Shadow Form       |       |       |       |     1 ||     1
 Abil: Evoke Invisibilit |       |     4 |     6 |       ||    10
       End Transformatio |       |       |       |     1 ||     1
Evoke: Condenser vane    |       |       |       |     2 ||     2
  Use: Potion            |       |       |     2 |     3 ||     5
 Stab: Sleeping          |     2 |     3 |    13 |     2 ||    20
       Invisible         |       |     1 |     4 |       ||     5
Armor: Robe              |       |       |       |     3 ||     3
Dodge: Dodged            |     2 |     2 |     2 |    21 ||    27

Table legend: (Time is in decaauts)
 A = Elapsed time spent in this place.
 B = Non-inter-level travel time spent in this place.
 C = Inter-level travel time spent in this place.
 D = Time resting spent in this place.
 E = Time spent auto-exploring this place.
 F = Levels seen in this place.
 G = Mean time per level.
                   A        B        C        D        E       F      G
               +--------+--------+--------+--------+--------+-----+--------+
         Total |   1705 |   1705 |      0 |   1329 |      0 |   1 | 1705.0 |
       Dungeon |   1705 |   1705 |      0 |   1329 |      0 |   1 | 1705.0 |
               +--------+--------+--------+--------+--------+-----+--------+

Top non-repeatable levels by time:
       D: 1705 daAuts
